 Dungeon Crawl Stone Soup version 0.19-a0-1886-gd64a0f0 (webtiles) character file.

101 Morenatsu the Skirmisher (level 4, -3/44 HPs)
             Began as a Hill Orc Monk on Oct 15, 2016.
             Killed from afar by an orc wizard (7 damage)
             ... with a magic dart
             ... on level 3 of the Dungeon.
             The game lasted 00:04:41 (2314 turns).

Morenatsu the Skirmisher (Hill Orc Monk)            Turns: 2314, Time: 00:04:45

Health: -3/44      AC:  2    Str: 13    XL:     4   Next: 75%
Magic:  4/4        EV: 12    Int: 11    God:
Gold:   158        SH:  3    Dex: 13    Spells: 0 memorised, 3 levels left

rFire  . . .     SeeInvis .     a - +0 hand axe
rCold  . . .     Gourm    .     b - +0 robe
rNeg   . . .     Faith    .     m - +0 buckler
rPois  .         Spirit   .     (no helmet)
rElec  .         Dismiss  .     (no cloak)
rCorr  .         Reflect  .     (no gloves)
MR     .....     Harm     .     (no boots)
Stlth  ++........               (no amulet)
                                (no ring)
                                (no ring)

@: no status effects
A: no striking features
a: no special abilities


You were on level 3 of the Dungeon.
You were not hungry.

You visited 1 branch of the dungeon, and saw 3 of its levels.

You collected 158 gold pieces.

Inventory:

Hand Weapons
 a - a +0 hand axe (weapon)
Armour
 b - a +0 robe (worn)
 m - a +0 buckler (worn)
Jewellery
 d - a +4 ring of intelligence {unknown}
 r - an uncursed ring of fire {unknown}
 s - an uncursed ring of ice {unknown}
 t - a cursed ring of loudness {unknown}
Scrolls
 e - 3 scrolls of identify {unknown}
 f - 2 scrolls of remove curse {unknown}
 g - 2 scrolls of teleportation {unknown}
 n - a scroll of magic mapping {unknown}
 o - a scroll of immolation {unknown}
 q - a scroll of fog {unknown}
 y - a scroll of amnesia {unknown}
Potions
 i - a potion of cure mutation {unknown}
 j - 2 potions of degeneration {unknown}
 l - a potion of lignification {unknown}
 p - a potion of berserk rage {unknown}
 x - a potion of agility {unknown}
 z - a potion of cancellation {unknown}
Comestibles
 c - 2 bread rations
 h - a fruit
 u - a beef jerky
 v - 2 chunks of flesh
 w - a royal jelly


   Skills:
 - Level 6.1 Fighting
 + Level 4.5 Axes
 - Level 2.4 Dodging
 - Level 1.5 Stealth


You had 3 spell levels left.
You didn't know any spells.

Dungeon Overview and Level Annotations

Branches:
Dungeon (3/15)

Altars:
Nemelex Xobeh
Qazlal


Message History

The orc closely misses you. You block the orc wizard's attack.
You hit the orc wizard.
The orc wizard is severely wounded.
You closely miss the orc. The orc wizard closely misses you.
The orc closely misses you. The orc wizard hits you with a dagger.
* * * LOW HITPOINT WARNING * * *
You hit the orc wizard but do no damage.
The orc wizard is severely wounded.
You hit the orc but do no damage. The orc wizard casts a spell at you.
The puff of flame hits you!
* * * LOW HITPOINT WARNING * * *
The orc barely misses you. The orc wizard closely misses you.
You hit the orc wizard.
The orc wizard is severely wounded.
You hit the orc.
You kill the orc!
The orc wizard points at you and mumbles some strange words.
The magic dart hits you!
You die...

#..######............. ##.##
####(.#####..... ..... #..#
#............... .....
##.###...........#### .....
#..##...........# #
.....##########.##...........####
.................####....###.....
.%..............)## #....# ######
...............o@.# #....# #<....
#...........)#)###....# #.....
#............#..#...... #.....
#............##.#.......#####.
#............# .........# #.
#............# #.#.. #####.
#............# .. .# #.....
#............# ... # #.....
#............# ...# #.....


You could see an orc wizard.

Vanquished Creatures
  3 adders
  A worm (D:2)
  2 leopard geckos
  5 orcs (D:3)
  A ball python (D:1)
  3 giant cockroaches
  7 goblins
  5 hobgoblins
  A jackal (D:2)
  10 bats
  13 frilled lizards
  A giant cockroach zombie (D:2)
  8 kobolds
  A quokka zombie (D:2)
  5 rats
66 creatures vanquished.

Notes
Turn   | Place    | Note
-------+----------+-------------------------------------------
     0 | D:1      | Morenatsu the Hill Orc Monk began the quest for the Orb.
     0 | D:1      | Reached XP level 1. HP: 19/19 MP: 1/1
   100 | D:1      | Reached skill level 4 in Fighting
   101 | D:1      | Reached XP level 2. HP: 17/27 MP: 2/2
   663 | D:2      | Reached XP level 3. HP: 35/35 MP: 3/3
   670 | D:2      | Reached skill level 5 in Fighting
  1432 | D:2      | Found a sparkling altar of Nemelex Xobeh.
  1545 | D:2      | Reached XP level 4. HP: 8/44 MP: 4/4
  2149 | D:3      | Reached skill level 6 in Fighting
  2235 | D:3      | Found a stormy altar of Qazlal.
  2306 | D:3      | HP: 1/44 [orc/flail (9)]
  2314 | D:3      | Killed from afar by an orc wizard

Vault maps used:
D:1:      lemuel_arrival_lava_pool, st_stairs_5, minmay_lizard_pond
D:2:      grunt_nemelex_the_gamble
D:3:      grunt_qazlal_clouds, uniq_natasha

Skill      XL: |  1  2  3  4 |
---------------+-------------+-----
Fighting       | 4 5 6 |  6.1
Axes           | |  4.5
Dodging        | |  2.4
Stealth        | |  1.5

Action                   |  1- 3 |  4- 6 || total
-------------------------+-------+-------++-------
Melee: Hand axe          |   124 |    68 ||   192
  Use: Potion            |       |     2 ||     2
 Stab: Sleeping          |     6 |     2 ||     8
  Eat: Chunk             |     2 |     3 ||     5
Armor: Robe              |    25 |    13 ||    38
Dodge: Dodged            |    88 |    53 ||   141
Block: Buckler           |     7 |    17 ||    24
